 Dungeon Crawl Stone Soup version 0.19.3-4-gbf9329e (webtiles) character file.

34993 pib the Destroyer (level 13, -2/78 HPs)
             Began as a Tengu Fire Elementalist on Jan 28, 2017.
             Was an Elder of Vehumet.
             Splashed by an oklob plant's acid (11 damage)
             ... on level 1 of the Lair of Beasts on Jan 29, 2017.
             The game lasted 02:03:59 (25702 turns).

pib the Destroyer (Tengu Fire Elementalist)        Turns: 25702, Time: 02:04:01

Health: -2/78      AC: -4    Str: 10    XL:     13   Next: 81%
Magic:  26/26      EV: 18    Int: 25    God:    Vehumet [****..]
Gold:   585        SH:  0    Dex: 14    Spells: 8 memorised, 3 levels left

rFire  . . .     SeeInvis .     i - +4 morningstar
rCold  . . .     Gourm    .     a - +1 robe
rNeg   . . .     Faith    .     (no shield)
rPois  .         Spirit   .     (helmet restricted)
rElec  .         Reflect  .     K - +0 cloak
rCorr  .         Harm     .     (no gloves)
MR     .....                    (boots unavailable)
Stlth  ++........               Y - amulet of magic regeneration
                                S - +5 ring of intelligence
                                q - ring of wizardry

@: corroded
A: beak, talons 3, able to fly 1
a: Fly, Renounce Religion


You were on level 1 of the Lair of Beasts.
You worshipped Vehumet.
Vehumet was greatly pleased with you.
You were not hungry.

You visited 3 branches of the dungeon, and saw 17 of its levels.

You collected 817 gold pieces.
You spent 232 gold pieces at shops.

Inventory:

Hand Weapons
 i - a +4 morningstar (weapon)
Missiles
 D - 68 poisoned needles
Armour
 a - a +1 robe (worn)
 K - a +0 cloak (worn)
 U - a +2 scale mail of poison resistance
Jewellery
 q - a ring of wizardry (left hand)
 r - an uncursed ring of wizardry
 s - an uncursed ring of protection from fire
 v - a cursed ring of stealth {unknown}
 y - a +3 ring of protection
 L - a +4 ring of dexterity
 S - a +5 ring of intelligence (right hand)
 Y - an amulet of magic regeneration (around neck)
Wands
 h - a wand of flame (23/48)
 I - a wand of digging (19/24)
 R - a wand of digging (14/24)
 X - a wand of lightning (9/15)
Scrolls
 f - 5 scrolls of enchant armour
 g - a scroll of brand weapon {unknown}
 l - 8 scrolls of remove curse
 m - 2 scrolls of recharging
 t - 2 scrolls of teleportation
 u - 5 scrolls of identify
 B - a scroll of magic mapping
 F - 5 scrolls of enchant weapon
 W - a scroll of amnesia
Potions
 d - 2 potions of haste
 e - a potion of resistance {unknown}
 j - 4 potions of curing
 n - 2 potions of beneficial mutation {unknown}
 o - a potion of degeneration {unknown}
 p - 4 potions of flight
 w - 3 potions of cancellation {unknown}
 x - 3 potions of lignification {unknown}
 E - a potion of invisibility
 H - 2 potions of agility {unknown}
 P - 3 potions of magic
 T - 5 potions of might {unknown}
 V - a potion of mutation {unknown}
Books
 b - a book of Flames

   Spells                             Type                      Level
   a - Flame Tongue                   Conjuration/Fire             1
   b - Throw Flame                    Conjuration/Fire             2
   c - Conjure Flame                  Conjuration/Fire             3
   d - Inner Flame                    Hexes/Fire                   3
   e - Sticky Flame                   Conjuration/Fire             4
   f - Fireball                       Conjuration/Fire             5
 z - the Handbook of the Shifting Birds
   (You found it on level 6 of the Lair of Beasts)

   Spells                             Type                      Level
   a - Shock                          Conjuration/Air              1
   b - Spider Form                    Transmutation/Poison         3
   c - Irradiate                      Conjuration/Transmutation    5
   d - Silence                        Hexes/Air                    5
   e - Freezing Cloud                 Conjuration/Ice/Air          6
 Z - a book of Maledictions

   Spells                             Type                      Level
   a - Corona                         Hexes                        1
   b - Ensorcelled Hibernation        Hexes/Ice                    2
   c - Confuse                        Hexes                        3
   d - Tukima's Dance                 Hexes                        3
   e - Dazzling Spray                 Conjuration/Hexes            3
Comestibles
 c - 9 bread rations
 k - 6 meat rations
 A - 3 chunks of flesh
 C - 4 beef jerkies
 G - 10 fruits


   Skills:
 - Level 8.0 Fighting
 - Level 5.1 Maces & Flails
 - Level 9.0 Dodging
 - Level 2.0 Stealth
 - Level 8.4 Spellcasting
 - Level 14.0 Conjurations
   Level 0.1 Hexes
 - Level 3.0 Transmutations
 + Level 13.0 Fire Magic
 - Level 4.2 Poison Magic
 - Level 5.1 Evocations


You had 3 spell levels left.
You knew the following spells:

 Your Spells              Type           Power        Failure   Level  Hunger
a - Flame Tongue          Conj/Fire      #####        1%          1    None
b - Conjure Flame         Conj/Fire      ######..     1%          3    None
c - Sticky Flame          Conj/Fire      ######..     1%          4    ##.....
d - Fireball              Conj/Fire      ######....   1%          5    ####...
e - Magic Dart            Conj           ####         1%          1    None
f - Ignite Poison         Fire/Tmut/Pois #####...     1%          3    None
g - Venom Bolt            Conj/Pois      ######....   1%          5    ####...
h - Stone Arrow           Conj/Erth      #####.       1%          3    None


Dungeon Overview and Level Annotations

Branches:
Dungeon (10/15)            Temple (1/1) D:5            Lair (6/6) D:8
  Swamp (0/4) Lair:3       Spider (0/4) Lair:2        Slime (0/5) Lair:6
    Orc: D:9-12

Altars:
Cheibriados
Dithmenos
Elyvilon
Fedhas
Gozag
Hepliaklqana
Kikubaaqudgha
Makhleb
Nemelex Xobeh
Okawaru
Qazlal
Ru
Sif Muna
Trog
Uskayaw
Vehumet
Xom
Yredelemnul
Zin
The Shining One
Jiyva

Shops:
D:5 [=}   D:8 *   D:9 *

Annotations:
D:2 Terence
D:6 Eustachio
D:10 Fannar
Lair:1 exclusion: 3 oklob plants
Lair:2 exclusion: oklob plant


Innate Abilities, Weirdness & Mutations

You have a beak for a mouth.
You have claws for feet.
You can fly.


Message History

No target in view!
There is a stone staircase leading up here.
You climb upwards.
Level annotation: exclusion: 3 oklob plants The oklob plant spits acid at you.
The splash of acid misses you. The oklob plant spits acid at you.
The splash of acid hits you!
You are splashed with acid!
The acid burns!
The oklob plant spits acid at you. The splash of acid hits you!
The acid corrodes you!
You are splashed with acid!
The acid burns!
There is a stone staircase leading down here.
The oklob plant spits acid at you. The splash of acid hits you!
You are splashed with acid!
The acid burns!
* * * LOW HITPOINT WARNING * * *
The oklob plant spits acid at you. The splash of acid hits you!
* * * LOW HITPOINT WARNING * * *
The acid corrodes you!
You are splashed with acid!
The acid burns!
You die...

##### ############ #@>>#
...........# #...#
...........#P≈≈.....≈≈P#
.#+.##.#...#P≈.......≈P#
...........#P≈.......≈P#
...........#P≈.......≈P#
.......P...#P≈.......≈P#
.......#...#P≈≈.....≈≈P#
...........######'#####


You could see 3 oklob plants.

Vanquished Creatures
  4 hydras
  A catoblepas (Lair:6)
  A death yak (Lair:6)
  A wizard (Lair:6)
  6 elephants (Lair:4)
  Joseph (D:7)
  7 black mambas
  11 spiny frogs
  7 rime drakes
  7 komodo dragons
  A polar bear (Lair:6)
  2 trolls
  22 blink frogs
  3 hippogriffs
  2 wyverns (Lair:6)
  33 yaks
  3 redbacks (Lair:2)
  6 basilisks
  Duvessa (D:6)
  9 water moccasins
  11 porcupines
  2 orc warriors (D:6)
  4 ice beasts
  2 sky beasts
  3 black bears
  A wolf (Lair:6)
  An ogre (D:5)
  A phantom (D:9)
  4 centaurs
  14 crocodiles
  A big kobold (D:10)
  Blork the orc (D:6)
  6 bullfrogs
  Dowan (D:6)
  4 scorpions
  2 electric eels (Lair:4)
  9 wights
  A howler monkey (D:8)
  4 crimson imps
  7 hounds
  A gnoll shaman (D:9)
  3 orc priests
  2 centaur zombies
  A bullfrog skeleton (D:8)
  4 jellies
  4 iguanas
  8 orc wizards
  6 worker ants
  2 worker ant zombies (D:8)
  13 gnolls
  2 howler monkey skeletons
  12 adders
  2 shadow imps
  13 oozes (Lair:2)
  3 worms
  2 dart slugs
  6 leopard geckos
  25 orcs
  3 giant cockroaches
  10 goblins
  5 hobgoblins
  10 jackals
  6 quokkas
  A ball python (D:3)
  7 bats
  5 frilled lizards
  A jackal zombie (D:7)
  10 kobolds
  A leopard gecko skeleton (D:8)
  21 rats
  2 plants (Lair:4)
398 creatures vanquished.

Vanquished Creatures (others)
  23 fungi
  6 plants
29 creatures vanquished.

Grand Total: 427 creatures vanquished

Notes
Turn   | Place    | Note
-------+----------+-------------------------------------------
     0 | D:1      | pib the Tengu Fire Elementalist began the quest for the Orb.
     0 | D:1      | Reached XP level 1. HP: 10/10 MP: 4/4
   193 | D:1      | Reached skill level 2 in Conjurations
   220 | D:1      | Reached XP level 2. HP: 15/15 MP: 4/6
   647 | D:1      | Reached XP level 3. HP: 19/19 MP: 1/7
  1002 | D:2      | Found a sparkling altar of Nemelex Xobeh.
  1224 | D:2      | Learned a level 3 spell: Conjure Flame
  1509 | D:2      | Noticed Terence
  1743 | D:3      | Reached XP level 4. HP: 16/24 MP: 4/8
  1973 | D:3      | Reached skill level 3 in Conjurations
  2648 | D:3      | Gained mutation: You can fly. [Tengu growth]
  2648 | D:3      | Reached XP level 5. HP: 26/28 MP: 3/10
  2707 | D:3      | Learned a level 4 spell: Sticky Flame
  2969 | D:4      | Found a glowing golden altar of the Shining One.
  3308 | D:4      | Reached skill level 4 in Conjurations
  3507 | D:4      | Reached skill level 1 in Fighting
  3507 | D:4      | Reached skill level 5 in Fire Magic
  3507 | D:4      | Reached XP level 6. HP: 34/34 MP: 3/11
  3526 | D:4      | You fall through a shaft for 2 floors!
  3557 | D:6      | Noticed Eustachio
  3574 | D:6      | Noticed an orc warrior
  3634 | D:5      | Entered Level 5 of the Dungeon
  3634 | D:5      | Found Aloly's Jewellery Shop.
  3643 | D:5      | Found a bloodstained altar of Trog.
  5141 | D:4      | Reached XP level 7. HP: 37/40 MP: 4/13
  6259 | D:5      | Found Ihaorauplu's Gadget Shop.
  6952 | D:5      | Found Daeqixu Rasch's Armour Emporium.
  7011 | D:5      | Found a staircase to the Ecumenical Temple.
  7016 | Temple   | Entered the Ecumenical Temple
  7043 | Temple   | Became a worshipper of Vehumet
  7268 | D:6      | Noticed Dowan
  7269 | D:6      | Noticed Duvessa
  7349 | D:5      | Reached XP level 8. HP: 32/47 MP: 8/15
  7384 | D:5      | Reached skill level 5 in Conjurations
  7550 | D:6      | Killed Duvessa
  7563 | D:6      | Killed Dowan
  7706 | D:6      | Reached skill level 5 in Spellcasting
  7812 | D:6      | Learned a level 5 spell: Fireball
  8053 | D:6      | Noticed Blork the orc
  8071 | D:6      | Killed Blork the orc
  8362 | D:7      | Reached skill level 5 in Fighting
  8586 | D:7      | Reached XP level 9. HP: 54/54 MP: 6/18
  8629 | D:7      | Reached * piety under Vehumet
  8629 | D:7      | Offered knowledge of Magic Dart by Vehumet.
  8632 | D:7      | Learned a level 1 spell: Magic Dart
  8725 | D:7      | Reached skill level 6 in Conjurations
  8973 | D:7      | Reached skill level 5 in Dodging
  9067 | D:7      | Noticed Joseph
  9076 | D:7      | Killed Joseph
  9076 | D:7      | Reached skill level 1 in Maces & Flails
  9727 | D:8      | Reached skill level 7 in Conjurations
 10604 | D:8      | Found Qyur's Assorted Antiques.
 10612 | D:8      | Bought a sharpened lead wand for 120 gold pieces
 10769 | D:8      | Found a staircase to the Lair.
 10836 | Lair:1   | Entered Level 1 of the Lair of Beasts
 11232 | D:9      | Reached XP level 10. HP: 59/59 MP: 7/20
 11465 | D:9      | Offered knowledge of Sting by Vehumet.
 11503 | D:9      | Reached ** piety under Vehumet
 11503 | D:9      | Reached skill level 8 in Conjurations
 11558 | D:9      | Noticed a manticore
 12013 | D:9      | Found Humpoll's General Store.
 12018 | D:9      | Bought a scroll of enchant weapon for 112 gold pieces
 12318 | D:10     | Entered Level 10 of the Dungeon
 12551 | D:10     | Noticed Fannar
 13002 | Lair:1   | Offered knowledge of Ignite Poison by Vehumet.
 13002 | Lair:1   | Reached skill level 9 in Conjurations
 13061 | Lair:1   | Learned a level 3 spell: Ignite Poison
 13115 | Lair:1   | Reached skill level 1 in Poison Magic
 13271 | Lair:1   | Reached skill level 1 in Transmutations
 13487 | Lair:1   | Noticed a spiny frog
 13488 | Lair:1   | Noticed a black mamba
 13493 | Lair:1   | Killed a black mamba
 13505 | Lair:1   | Killed a spiny frog
 13505 | Lair:1   | Reached skill level 5 in Maces & Flails
 13637 | Lair:1   | Reached XP level 11. HP: 66/66 MP: 19/21
 13958 | Lair:1   | Noticed an oklob plant
 13989 | Lair:1   | You fall through a shaft!
 14365 | Lair:2   | Found a hole to the Spider Nest.
 14372 | Lair:2   | Reached *** piety under Vehumet
 14704 | Lair:2   | Noticed a wolf spider
 14727 | Lair:2   | HP: 3/67 [poisoned by a wolf spider]
 14734 | Lair:2   | HP: 2/67 [poisoned by a wolf spider]
 15085 | Lair:2   | Noticed an oklob plant
 15196 | Lair:1   | Noticed an oklob plant
 15196 | Lair:1   | Noticed an oklob plant
 15325 | Lair:2   | Learned a level 3 spell: Dazzling Spray
 16383 | Lair:3   | Offered knowledge of Stone Arrow by Vehumet.
 16388 | Lair:3   | Learned a level 3 spell: Stone Arrow
 16589 | Lair:3   | Found a staircase to the Swamp.
 16907 | Lair:3   | Reached skill level 1 in Evocations
 17200 | Lair:3   | Reached skill level 10 in Conjurations
 17217 | Lair:3   | Reached XP level 12. HP: 59/73 MP: 7/23
 17795 | Lair:4   | Noticed a five-headed hydra
 17816 | Lair:4   | Killed a five-headed hydra
 19430 | Lair:3   | Reached skill level 11 in Conjurations
 19493 | Lair:4   | Reached skill level 10 in Fire Magic
 19721 | Lair:4   | Reached **** piety under Vehumet
 20153 | Lair:4   | Offered knowledge of Venom Bolt by Vehumet.
 20175 | Lair:4   | Reached skill level 5 in Evocations
 20838 | Lair:4   | Learned a level 5 spell: Venom Bolt
 22209 | Lair:6   | Entered Level 6 of the Lair of Beasts
 22516 | Lair:6   | Reached skill level 12 in Conjurations
 22516 | Lair:6   | Reached XP level 13. HP: 78/78 MP: 17/26
 22740 | Lair:6   | Identified the Handbook of the Shifting Birds
 23521 | Lair:6   | Reached skill level 13 in Conjurations
 24509 | Lair:6   | Reached skill level 14 in Conjurations
 24694 | Lair:6   | Found a viscous altar of Jiyva.
 24695 | Lair:6   | Found a staircase to the Slime Pits.
 25025 | Lair:6   | Reached ***** piety under Vehumet
 25235 | Lair:6   | Found a burning altar of Makhleb.
 25702 | Lair:1   | Splashed by an oklob plant's acid

Skill      XL: |  1  2  3  4  5  6  7  8  9 10 11 12 13 |
---------------+----------------------------------------+-----
Conjurations   | 2 3 4 5 7 9 10 12 14 | 14.0
Fire Magic     | 4 5 6 8 9 10 13 | 13.0
Spellcasting   | 3 4 5 6 7 8 |  8.4
Fighting       | 1 2 3 5 6 8 |  8.0
Dodging        | 3 4 6 7 9 |  9.0
Maces & Flails | 2 5 |  5.1
Poison Magic   | 2 3 4 |  4.2
Transmutations | 1 3 |  3.0
Evocations     | 2 5 |  5.1
Stealth        | |  2.0
Hexes          | |  0.1

Action                   |  1- 3 |  4- 6 |  7- 9 | 10-12 | 13-15 || total
-------------------------+-------+-------+-------+-------+-------++-------
Melee: Club              |    13 |       |       |       |       ||    13
       Kick              |     3 |     8 |    11 |    28 |     5 ||    55
       Peck              |     3 |     6 |    10 |    15 |     3 ||    37
       Short sword       |     5 |     5 |       |       |       ||    10
       War axe           |       |    39 |    30 |       |       ||    69
       Morningstar       |       |       |    39 |   133 |    16 ||   188
 Cast: Flame Tongue      |    72 |    80 |   216 |   307 |     7 ||   682
       Conjure Flame     |     2 |    11 |    15 |    42 |    34 ||   104
       Sticky Flame      |       |     8 |    28 |    72 |    27 ||   135
       Fireball          |       |       |     5 |     6 |     1 ||    12
       Dazzling Spray    |       |       |       |    11 |       ||    11
       Stone Arrow       |       |       |       |    44 |    98 ||   142
       Venom Bolt        |       |       |       |    11 |    13 ||    24
       Ignite Poison     |       |       |       |     2 |     1 ||     3
       Magic Dart        |       |       |       |     1 |     1 ||     2
 Abil: Fly               |       |     1 |       |     2 |       ||     3
Evoke: Wand              |       |       |       |     4 |     5 ||     9
  Use: Scroll            |       |     1 |     4 |    17 |     1 ||    23
       Potion            |       |       |     3 |     5 |     1 ||     9
 Stab: Sleeping          |       |       |       |     2 |       ||     2
  Eat: Chunk             |     4 |     7 |    20 |    28 |    13 ||    72
       Meat ration       |       |     1 |       |     1 |       ||     2
       Fruit             |       |       |     1 |       |       ||     1
       Pizza             |       |       |     1 |       |       ||     1
       Bread ration      |       |       |     1 |     3 |       ||     4
Armor: Robe              |    15 |    16 |    22 |    14 |     7 ||    74
       Scale mail        |       |       |       |    34 |       ||    34
Dodge: Dodged            |    32 |    48 |   110 |   178 |    53 ||   421
